 Dungeon Crawl Stone Soup version 0.24.0-123-gd5b16e6ec5 (webtiles) character file.

Game seed: 15265744277973340170, levelgen mode: deterministic

37 DavidChitty2 the Cutter (level 3, -2/36 HPs)
             Began as a Kobold Berserker on Dec 30, 2019.
             Was a Follower of Trog.
             Slain by Sigmund
             ... wielding a +0 scythe
              (10 damage)
             ... on level 2 of the Dungeon.
             The game lasted 00:01:27 (1367 turns).

DavidChitty2 the Cutter (Kobold Berserker)          Turns: 1367, Time: 00:01:27

Health: -2/36      AC:  3    Str: 20    XL:     3   Next: 60%
Magic:  3/3        EV: 15    Int:  8    God:    Trog [*.....]
Gold:   104        SH:  0    Dex: 14    Spells: 2/2 levels left

rFire    . . .     SeeInvis .   a - +0 short sword
rCold    . . .     Gourm    .   (shield restricted)
rNeg     . . .     Faith    .   g - +0 leather armour
rPois    .         Spirit   .   (no helmet)
rElec    .         Reflect  .   (no cloak)
rCorr    .         Harm     .   (no gloves)
MR       .....                  (no boots)
Stlth    ..........             (no amulet)
HPRegen  0.12/turn              (no ring)
MPRegen  0.08/turn              (no ring)

@: berserking, very quick
A: small, carnivore
a: Berserk, Renounce Religion


You were on level 2 of the Dungeon.
You worshipped Trog.
Trog was aware of your devotion.
You were very full.

You visited 1 branch of the dungeon, and saw 2 of its levels.

You collected 104 gold pieces.

Inventory:

Hand Weapons
 a - a +0 short sword (weapon)
Armour
 g - a +0 leather armour (worn)
   (You found it on level 1 of the Dungeon)
 n - a cursed +0 chain mail
   (You found it on level 2 of the Dungeon)
Wands
 c - a wand of disintegration (12)
   (You found it on level 2 of the Dungeon)
Scrolls
 f - 3 scrolls of identify {unknown}
 k - a scroll of teleportation {unknown}
Potions
 b - 2 potions of curing {unknown}
 d - a potion of lignification {unknown}
 h - 2 potions of berserk rage {unknown}
 i - a potion of brilliance {unknown}
 l - a potion of mutation {unknown}
 m - 2 potions of haste {unknown}
Comestibles
 e - 2 rations {!d}
 j - a chunk of flesh


   Skills:
 + Level 3.7 Fighting
 * Level 5.0 Short Blades
 - Level 1.5 Armour
 + Level 3.0 Dodging


You had 2 spell levels left.
You didn't know any spells.
Your spell library was empty.

Dungeon Overview and Level Annotations

Branches:
Dungeon (2/15)

Altars:

Annotations:
D:2 Sigmund


Innate Abilities, Weirdness & Mutations

You are small and have problems with some larger weapons.
You are carnivorous and can eat meat at any time.


Message History

You see here 11 stones.
A frilled lizard comes into view.
The frilled lizard hisses angrily.
A frilled lizard is nearby!
The frilled lizard barely misses you.
You miss the frilled lizard. The frilled lizard closely misses you.
You hit the frilled lizard. The frilled lizard barely misses you.
You hit the frilled lizard.
You kill the frilled lizard!
Trog accepts your kill.
No target in view!
Eating one of 4 chunks of flesh.
You eat one of the 4 chunks of flesh.
This raw flesh tastes great.
Found 24 stones.
Found a scroll labeled ADO RUFEZAGOCU and a fuming orange potion.
A leopard gecko comes into view.
The leopard gecko hisses angrily.
A leopard gecko is nearby!
Sigmund the Dreaded comes into view.
He is wielding a +0 scythe.
The leopard gecko hisses menacingly.
You hit the leopard gecko. The leopard gecko closely misses you.
Your leather armour prevents you from hitting the leopard gecko.
Sigmund mumbles some strange words.
Sigmund flickers and vanishes!
Deactivating autopickup; reactivate with Ctrl-A.
The leopard gecko closely misses you.
Okay, then.
You hit the leopard gecko but do no damage.
You miss the leopard gecko. The leopard gecko misses you.
The leopard gecko bites you but does no damage.
You hit the leopard gecko but do no damage.
Something hits you.
The leopard gecko bites you but does no damage.
The leopard gecko closely misses you.
You completely miss the leopard gecko. Something hits you.
The leopard gecko bites you.
Some of the chunks of flesh in your inventory have rotted away.
A red film seems to cover your vision as you go berserk!
You feel yourself moving faster!
You feel mighty!
You feel a lot less full. The leopard gecko barely misses you.
Something hits you!
* * * LOW HITPOINT WARNING * * *
You feel a strong urge to attack something.
The leopard gecko misses you.
You puncture the leopard gecko!
You kill the leopard gecko!
Trog accepts your kill. Something hits you!
You die...

.# .### #...##
##.....#.
#####........
#........?...
#.##...!..... #.
#.##@........ #.#
######.###.......#
#.# #......#
##.....## . #.#
#.###### ....## .#
#.# #.# .#.##
##.#.###.# .#.#
##.#.....#### .# #
##............# .#
####.#########(


There were no monsters in sight!

Vanquished Creatures
  An adder (D:2)
  A dart slug (D:2)
  4 leopard geckos
  2 bats (D:2)
  3 hobgoblins (D:1)
  3 jackals (D:1)
  4 frilled lizards
  2 kobolds (D:1)
  3 rats (D:1)
23 creatures vanquished.

Notes
Turn   | Place    | Note
-------+----------+-------------------------------------------
     0 | D:1      | DavidChitty2 the Kobold Berserker began the quest for the
                  | Orb.
     0 | D:1      | Reached XP level 1. HP: 14/14 MP: 1/1
   257 | D:1      | Reached XP level 2. HP: 19/19 MP: 2/2
   977 | D:2      | Reached XP level 3. HP: 24/24 MP: 3/3
  1127 | D:2      | Reached skill level 5 in Short Blades
  1356 | D:2      | Noticed Sigmund
  1367 | D:2      | Slain by Sigmund

Levels and vault maps discovered:
D:1:      roderic_octagonal_star, layout_basic
D:2:      layout_loops_ring, uniq_sigmund

Skill      XL: |  1  2  3 |
---------------+----------+-----
Dodging        | 3 |  3.0
Short Blades   | 5 |  5.0
Fighting       | |  3.7
Armour         | |  1.5

Action                   || total
-------------------------++-------
Melee: Short sword       ||    77
Invok: Berserk           ||     2
 Stab: Sleeping          ||     1
  Eat: Chunk             ||    11
Armor: Leather armour    ||    11
Dodge: Dodged            ||    55
